 Dungeon Crawl Stone Soup version 0.25-a0-356-g7c9d860b3b (webtiles) character file.

Game seed: 2787076239822679058, levelgen mode: deterministic

13666 Ge0ff the Archer (level 12, -18/112 HPs)
             Began as a Naga Arcane Marksman on Jan 3, 2020.
             Was a Priest of Okawaru.
             Hit by a large rock thrown by a cyclops (38 damage)
             ... on level 11 of the Dungeon.
             The game lasted 00:45:45 (15309 turns).

Ge0ff the Archer (Naga Arcane Marksman)            Turns: 15309, Time: 00:45:45

Health: -18/112    AC: 12    Str: 16    XL:     12   Next: 8%
Magic:  15/15      EV: 12    Int: 14    God:    Okawaru [***...]
Gold:   596        SH:  0    Dex: 13    Spells: 9/13 levels left

rFire    + . .     SeeInvis +   a - +0 shortbow
rCold    . . .     Gourm    .   (shield currently unavailable)
rNeg     . . .     Faith    .   n - +1 scale mail {rF+}
rPois    +         Spirit   .   Q - +0 helmet
rElec    .         Reflect  .   (no cloak)
rCorr    .         Harm     .   Y - +0 pair of gloves
MR       +....                  (no barding)
Stlth    +.........             J - amulet of the acrobat
HPRegen  0.28/turn              W - +1 ring of protection
MPRegen  0.14/turn              L - +3 ring of evasion {=R}

@: short of breath, marked, very slow
A: large, see invisible, deformed body, poison resistance, slowness 2, slow
metabolism 1, spit poison 1, AC +4
a: Spit Poison, Heroism, Renounce Religion


You were on level 11 of the Dungeon.
You worshipped Okawaru.
Okawaru was most pleased with you.
You were not hungry.

You visited 2 branches of the dungeon, and saw 12 of its levels.

You collected 596 gold pieces.

Inventory:

Hand Weapons
 a - a +0 shortbow (weapon)
 b - a +2 whip of flaming
 h - a +0 hand crossbow
 y - a +2 rapier of protection
 K - a +1 whip of venom
 P - a +2 hand axe of flaming
Missiles
 e - a throwing net {=f}
 p - 64 arrows (quivered)
 t - 15 poisoned darts
 v - 10 javelins
 A - 9 boomerangs
 D - 2 silver boomerangs
 O - 221 stones
 U - 57 bolts
Armour
 c - a +1 chain mail of cold resistance
 n - a +1 scale mail of fire resistance (worn)
 Q - a +0 helmet (worn)
 S - a +0 plate armour
 Y - a +0 pair of gloves (worn)
Magical Staves
 w - an uncursed staff of cold
Jewellery
 J - an amulet of the acrobat (around neck)
 L - a +3 ring of evasion (right hand) {=R}
 R - an uncursed ring of positive energy
 W - a +1 ring of protection (left hand)
 Z - an uncursed ring of wizardry
Wands
 d - a wand of digging (5)
 f - a wand of flame (7)
 j - a wand of acid (3)
 s - a wand of disintegration (16)
 x - a wand of random effects (25)
Scrolls
 g - a scroll of brand weapon
 i - a scroll of identify
 m - 2 scrolls of magic mapping
 u - 4 scrolls of enchant weapon
 B - 2 scrolls of blinking
 C - 4 scrolls of remove curse
 E - 2 scrolls of fear
 F - a scroll of fog
 T - 4 scrolls of teleportation
 V - a scroll of vulnerability
Potions
 k - a potion of cancellation {unknown}
 o - 2 potions of ambrosia
 q - 2 potions of curing
 z - 2 potions of brilliance
 H - a potion of degeneration {unknown}
 M - 3 potions of might
 N - a potion of agility {unknown}
 X - 3 potions of flight
Miscellaneous
 l - a lightning rod (2/4)
Comestibles
 r - 27 rations
 I - 3 chunks of flesh


   Skills:
 + Level 8.3 Fighting
 + Level 6.4 Maces & Flails
 + Level 10.9 Bows
 - Level 5.0 Armour
 + Level 4.5 Dodging
 - Level 5.0 Stealth
 - Level 1.0 Spellcasting
 - Level 3.0 Hexes
 + Level 1.9 Translocations
 + Level 3.8 Invocations
 + Level 4.9 Evocations


You had 9 spell levels left.
You knew the following spells:

 Your Spells              Type           Power        Failure   Level  Hunger
a - Corona                Hex            #......      26%         1    ##.....
p - Portal Projectile     Hex/Tloc       #.....       67%         3    ####...

Your spell library contained the following spells:

 Spells                   Type           Power        Failure   Level  Hunger
 Slow                     Hex            #.......     36%         2    ###....
 Blink                    Tloc           N/A          52%         2    ###....
 Foxfire                  Conj/Fire      #...         65%         1    ##.....
 Magic Dart               Conj           #...         65%         1    ##.....
 Call Imp                 Summ           #.......     78%         2    ###....
 Inner Flame              Hex/Fire       #.......     80%         3    ####...
 Cause Fear               Hex            #.........   94%         4    #####..
 Conjure Flame            Conj/Fire      #.......     95%         3    ####...
 Mephitic Cloud           Conj/Pois/Air  #.......     95%         3    ####...
 Leda's Liquefaction      Hex/Erth       #.........   99%         4    #####..
 Sticky Flame             Conj/Fire      #.......     100%        4    #####..
 Fireball                 Conj/Fire      #.........   100%        5    ######.


Dungeon Overview and Level Annotations

Branches:
Dungeon (11/15)            Temple (1/1) D:6            Lair (0/6) D:8
    Orc (0/2) D:11

Altars:
Ashenzari
Cheibriados
Dithmenos
Elyvilon
Fedhas
Gozag
Hepliaklqana
Kikubaaqudgha
Makhleb
Nemelex Xobeh
Okawaru
Qazlal
Ru
Sif Muna
Trog
Uskayaw
Vehumet
Wu Jian
Xom
Yredelemnul
Zin
The Shining One


Innate Abilities, Weirdness & Mutations

You cannot wear boots.
Your serpentine skin is tough. (AC +4)
You have supernaturally acute eyesight. (SInv)
Armour fits poorly on your strangely shaped body.
Your system is resistant to poisons. (rPois)
You cover ground very slowly.
You have a slow metabolism.
You can spit poison.


Message History

Use which ability? (? or * to list)
Press: ? - help, Shift-Dir - straight line, f - cyclops
Aim: a cyclops, quivering 5 large rocks The splash of poison hits the cyclops!
The cyclops is poisoned.
The cyclops is lightly wounded.
You feel slightly more hungry.
The cyclops throws a large rock.
The large rock hits you!!
* * * LOW HITPOINT WARNING * * *
Evoke which item? (* to show all) (? for menu, Esc to quit)
Aiming: Disintegrate
Press: ? - help, Shift-Dir - straight line, f/p - cyclops
Aim: a cyclops, quivering 4 large rocks (lightly wounded, poisoned, chance to defeat MR: 69%)
The cyclops is blasted!!
Evoke which item? (* to show all) (? for menu, Esc to quit)
Aiming: Disintegrate
Press: ? - help, Shift-Dir - straight line, f/p - cyclops
Aim: a cyclops, quivering 4 large rocks (severely wounded, poisoned, chance to defeat MR: 69%)
The cyclops struggles to resist.
The cyclops throws a large rock.
The large rock hits you!!!
You die...

*## ##.# ###..####
#####.[@....## #.#..........#*
##.............# *****
###............###**,,,**** #
#.............##***,,,,,,,*
#####
#.............C.#*,,,*,,*,>
....#
#................,,,**,,***
#...####...............,,,,*,,*
##...###......[........*,,,,,,*


You could see a cyclops.

Vanquished Creatures
  Harold (D:11)
  A hydra (D:8)
  2 two-headed ogres (D:11)
  A death knight (D:11)
  An unseen horror (D:8)
  2 gargoyles (D:11)
  2 dream sheep (D:8)
  A hippogriff (D:9)
  A vampire (D:10)
  Sigmund (D:5)
  A wraith (D:11)
  A shadow (D:11)
  12 yaks
  3 steam dragons
  2 ice beasts
  A necrophage (D:6)
  4 orc warriors
  A sky beast (D:7)
  4 phantoms
  5 ogres
  2 centaurs (D:7)
  A crocodile (D:10)
  4 big kobolds
  4 bullfrogs
  3 scorpions
  5 killer bees (D:10)
  6 howler monkeys (D:7)
  5 crimson imps
  A bullfrog zombie (D:8)
  6 centaur zombies
  4 jellies
  2 quasits
  3 hounds
  A bullfrog skeleton (D:10)
  8 orc priests
  3 centaur skeletons
  8 orc wizards
  A gnoll shaman (D:7)
  2 iguanas
  9 worker ants
  A killer bee zombie (D:7)
  A centaur simulacrum (D:11)
  A hound zombie (D:7)
  The ghost of CcS the Firebug, a weakling DEFE (D:4)
  A howler monkey zombie (D:5)
  A worker ant zombie (D:11)
  15 gnolls
  9 adders
  3 shadow imps
  An ooze (D:4)
  An adder skeleton (D:4)
  6 worms
  3 dart slugs
  7 leopard geckos
  32 orcs
  3 giant cockroaches
  3 goblins
  3 hobgoblins (D:1)
  5 jackals
  2 quokkas
  4 ball pythons
  5 bats
  4 frilled lizards
  A jackal zombie (D:5)
  14 kobolds
  4 rats
256 creatures vanquished.

Vanquished Creatures (others)
  A black bear (D:6)
  A scorpion (D:6)
  2 worker ants (D:6)
  An adder skeleton (D:6)
  A plant (D:8)
  2 withered plants (D:4)
8 creatures vanquished.

Grand Total: 264 creatures vanquished

Notes
Turn   | Place    | Note
-------+----------+-------------------------------------------
     0 | D:1      | Ge0ff the Naga Arcane Marksman began the quest for the Orb.
     0 | D:1      | Reached XP level 1. HP: 18/18 MP: 2/2
    22 | D:1      | Reached skill level 1 in Stealth
   100 | D:1      | Reached XP level 2. HP: 10/25 MP: 3/3
  1257 | D:1      | Reached XP level 3. HP: 31/31 MP: 4/4
  1604 | D:2      | Found a basalt altar of Yredelemnul.
  1971 | D:3      | Reached skill level 2 in Bows
  2217 | D:3      | Reached XP level 4. HP: 27/38 MP: 5/5
  2965 | D:3      | Reached XP level 5. HP: 45/45 MP: 6/6
  2987 | D:3      | Reached skill level 3 in Bows
  2987 | D:3      | Reached skill level 1 in Armour
  3323 | D:4      | Found a runed translucent door.
  3323 | D:4      | Noticed CcS's ghost (weakling DEFE)
  3686 | D:4      | Noticed a phantom
  3748 | D:4      | Learned a level 3 spell: Portal Projectile
  3818 | D:4      | Reached XP level 6. HP: 23/52 MP: 7/7
  4225 | D:5      | Entered Level 5 of the Dungeon
  4314 | D:5      | Reached skill level 4 in Bows
  4347 | D:5      | Found a sparkling altar of Nemelex Xobeh.
  4699 | D:5      | Reached skill level 5 in Stealth
  4782 | D:5      | Noticed a phantom
  4819 | D:5      | Killed a phantom
  4819 | D:5      | Reached XP level 7. HP: 43/61 MP: 8/8
  5135 | D:5      | Noticed Sigmund
  5140 | D:5      | Killed Sigmund
  5140 | D:5      | Reached skill level 5 in Bows
  5140 | D:5      | Reached skill level 1 in Evocations
  5386 | D:5      | Reached XP level 8. HP: 65/69 MP: 9/9
  6368 | D:6      | Reached skill level 6 in Bows
  6534 | D:6      | Found a shimmering altar of Xom.
  6712 | D:6      | Found a staircase to the Ecumenical Temple.
  6720 | Temple   | Entered the Ecumenical Temple
  7011 | D:7      | Reached skill level 1 in Maces & Flails
  7213 | D:7      | Reached XP level 9. HP: 78/78 MP: 11/11
  8262 | D:7      | Found a glowing golden altar of the Shining One.
  8580 | D:8      | Reached skill level 5 in Fighting
  8580 | D:8      | Reached skill level 7 in Bows
  9167 | D:8      | Found a staircase to the Lair.
  9383 | D:8      | Reached skill level 5 in Maces & Flails
  9383 | D:8      | Reached XP level 10. HP: 71/91 MP: 12/12
  9623 | D:8      | Noticed an unseen horror
  9643 | D:8      | Killed an unseen horror
  9643 | D:8      | Reached skill level 8 in Bows
  9940 | D:8      | Noticed a two-headed hydra
  9957 | D:8      | Killed a two-headed hydra
 10559 | D:4      | Killed CcS's ghost
 10674 | D:9      | Found a shimmering altar of Xom.
 10713 | D:9      | Found a white marble altar of Elyvilon.
 10713 | D:9      | Found a shimmering altar of Xom.
 10715 | D:9      | Found a shimmering blue altar of Sif Muna.
 10715 | D:9      | Found a radiant altar of Vehumet.
 10715 | D:9      | Found a hide-covered altar of Uskayaw.
 10728 | D:9      | Reached skill level 9 in Bows
 10731 | D:9      | Found a shattered altar of Ashenzari.
 11510 | D:9      | Found a stormy altar of Qazlal.
 11512 | D:9      | Found an opulent altar of Gozag.
 11513 | D:9      | Found an iron altar of Okawaru.
 11521 | D:9      | Became a worshipper of Warmaster Okawaru
 11652 | D:10     | Entered Level 10 of the Dungeon
 11747 | D:10     | You fall into a shaft and drop 1 floor!
 11757 | D:11     | Reached skill level 10 in Bows
 11758 | D:11     | Noticed a two-headed ogre
 11762 | D:11     | Killed a two-headed ogre
 11762 | D:11     | Reached skill level 1 in Invocations
 11762 | D:11     | Reached XP level 11. HP: 60/100 MP: 13/13
 12048 | D:11     | Reached * piety under Okawaru
 12124 | D:11     | Noticed Harold
 12131 | D:11     | Noticed a two-headed ogre
 12172 | D:11     | Killed Harold
 12180 | D:11     | Killed a two-headed ogre
 12199 | D:11     | Reached ** piety under Okawaru
 13836 | D:10     | Reached *** piety under Okawaru
 13836 | D:10     | Reached skill level 5 in Armour
 14264 | D:10     | Reached skill level 1 in Translocations
 14278 | D:10     | Received a gift from Okawaru
 14780 | D:11     | Noticed a death knight
 15222 | D:11     | Reached XP level 12. HP: 111/111 MP: 13/15
 15278 | D:11     | Killed a death knight
 15309 | D:11     | Hit by a large rock thrown by a cyclops

Levels and vault maps discovered:
D:1:      erik_arrival_triangle_small, layout_basic
D:2:      layout_loops_cross, lemuel_crystal_altar
D:3:      layout_basic, nrook_loot_triangle
D:4:      layout_rooms, gammafunk_ghost_grave
D:5:      layout_basic, lemuel_crystal_altar, first_ration, uniq_sigmund
D:6:      layout_loops_ring, minmay_temple_entry_enclosed_plants,
          xom_confusion_cloud
D:7:      layout_gridville, tso_altar
D:8:      layout_basic, dpeg_oklobed_lair, serial_glass, glass_columns_b,
          glass_columns_a, hangedman_ranch [blue_anna_fruit_fields]
D:9:      layout_rooms, gammafunk_temple_overflow_claw,
          grunt_temple_overflow_open, basic_altar
D:10:     layout_irregular_city
D:11:     minmay_cornered_nines, layout_cave_pools, orc_0_dummy, uniq_harold
Temple:   cyrus_temple_forest

Skill      XL: |  1  2  3  4  5  6  7  8  9 10 11 |
---------------+----------------------------------+-----
Stealth        | 2 4 5 |  5.0
Bows           | 2 3 4 5 6 7 10 | 10.9
Dodging        | 2 3 4 |  4.5
Fighting       | 2 3 4 5 7 8 |  8.3
Armour         | 1 2 3 4 5 |  5.0
Evocations     | 2 3 4 |  4.9
Maces & Flails | 2 5 6 |  6.4
Invocations    | 1 3 |  3.8
Translocations | 1 |  1.9
Spellcasting   | |  1.0
Hexes          | |  3.0

Action                   |  1- 3 |  4- 6 |  7- 9 | 10-12 || total
-------------------------+-------+-------+-------+-------++-------
Melee: Dagger            |    20 |       |       |       ||    20
       Trident           |     5 |    34 |    52 |       ||    91
       Spear             |     3 |       |       |       ||     3
       Whip              |       |       |   119 |   193 ||   312
       Shortbow          |       |       |       |     1 ||     1
       Punch             |       |       |       |     1 ||     1
 Fire: Shortbow          |    37 |   138 |   214 |   481 ||   870
       Hand crossbow     |       |       |     4 |       ||     4
Throw: Dart              |    47 |    31 |    57 |       ||   135
       Boomerang         |       |       |     2 |    28 ||    30
       Stone             |       |       |       |    20 ||    20
       Throwing net      |       |       |       |     1 ||     1
Invok: Heroism           |       |       |       |    13 ||    13
 Abil: Spit Poison       |    19 |    23 |    34 |    17 ||    93
Evoke: Wand              |       |       |     3 |    24 ||    27
       Lightning rod     |       |       |       |     5 ||     5
  Use: Scroll            |     1 |     6 |     4 |    10 ||    21
       Potion            |       |     3 |     2 |     1 ||     6
 Stab: Sleeping          |       |       |     1 |       ||     1
  Eat: Chunk             |     4 |     8 |    12 |    11 ||    35
       Ration            |       |       |       |     2 ||     2
Armor: Robe              |    10 |       |       |       ||    10
       Leather armour    |       |    12 |    11 |       ||    23
       Ring mail         |       |       |    79 |       ||    79
       Scale mail        |       |       |     5 |   143 ||   148
Dodge: Dodged            |    31 |    45 |   195 |   250 ||   521

Table legend:
 A = Non-vault XP
 B = Vault XP
 C = Vault XP percentage of total XP
 D = Non-vault monster count
 E = Vault monster count
 F = Vault count percentage of total count
                 A         B        C        D         E       F
            +---------+---------+-------+---------+---------+-------
      Total |   14726 |    4797 |  24.6 |     240 |      16 |   6.2
            +---------+---------+-------+---------+---------+-------
        D:1 |      36 |       0 |   0.0 |      18 |       0 |   0.0
        D:2 |       5 |       0 |   0.0 |       4 |       0 |   0.0
        D:3 |     177 |       0 |   0.0 |      32 |       0 |   0.0
        D:4 |     258 |      18 |   6.5 |       9 |       1 |  10.0
        D:5 |     661 |     220 |  25.0 |      25 |       1 |   3.8
        D:6 |     576 |      57 |   9.0 |      14 |       2 |  12.5
        D:7 |    1411 |       0 |   0.0 |      29 |       0 |   0.0
        D:8 |    1221 |    2196 |  64.3 |       7 |       8 |  53.3
        D:9 |    1463 |       0 |   0.0 |      13 |       0 |   0.0
       D:10 |    2842 |       0 |   0.0 |      37 |       0 |   0.0
       D:11 |    6076 |    2306 |  27.5 |      52 |       4 |   7.1
            +---------+---------+-------+---------+---------+-------
